[Event "Titled Tuesday Blitz October 5 2021"]
[White "Svane, Rasmus"]
[Black "Mikhalevski, Victor"]
[WhiteFideId "4657101"]
[BlackFideId "2801914"]
[WhiteElo "2927"]
[BlackElo "2750"]
[Result "1-0"]
[Round "09"]
[TimeControl "180+1"]
[Date "2021.10.05"]
[WhiteClock "0:00:02"]
[BlackClock "0:00:02"]

1. Nf3 Nf6 2. g3 g6 3. Bg2 Bg7 4. O-O O-O 5. d4 d5 6. c3 c6 7. Nbd2 Bf5 8. Nh4 Bg4 9. Re1 a5 10. Qb3 Qc8 11. a4 Be6 12. Qc2 g5 13. Nhf3 Bf5 14. Qb3 h6 15. Ne5 Nbd7 16. Nxd7 Qxd7 17. f3 Bg6 18. e4 dxe4 19. fxe4 e5 20. Nf3 Bxe4 21. dxe5 Bd5 22. c4 Bxf3 23. exf6 Bxg2 24. fxg7 Rfe8 25. Be3 Qh3 26. Qc2 Be4 27. Qf2 Rad8 28. Rad1 Qg4 29. Rxd8 Rxd8 30. Bd4 c5 31. Bf6 Rd1 32. Bc3 Bc6 33. Rxd1 Qxd1+ 34. Qf1 Qc2 35. Qf2 Qe4 36. Qd2 Qh1+ 37. Kf2 Qxh2+ 38. Ke1 Qxg3+ 39. Kd1 Qf3+ 40. Kc2 Be4+ 41. Kb3 Qd3 42. Qf2 Qd1+ 43. Ka3 Bc2 44. b3 Qc1+ 45. Bb2 Qd1 46. Qxc5 Qd7 47. Bf6 Qe8 48. Qxa5 Bg6 49. Qc5 g4 50. a5 h5 51. Qg5 Kh7 52. a6 Qa8 53. Kb4 bxa6 54. g8=Q+ 1-0


[Site "https://www.chess.com"]

[Event "Titled Tuesday Blitz October 5 2021"]
[White "Swicarz, Maciej"]
[Black "Ladan, Nicholas"]
[WhiteFideId "1113585"]
[BlackFideId "30918855"]
[WhiteElo "2130"]
[BlackElo "2402"]
[Result "1-0"]
[Round "09"]
[TimeControl "180+1"]
[Date "2021.10.05"]
[WhiteClock "0:00:31"]
[BlackClock "0:00:02"]

1. c4 c6 2. Nf3 d5 3. e3 Nf6 4. b3 e6 5. Bb2 Bd6 6. Be2 O-O 7. O-O Nbd7 8. d4 b6 9. h3 Bb7 10. Re1 Re8 11. Nbd2 c5 12. cxd5 exd5 13. dxc5 bxc5 14. Rc1 Rc8 15. Qc2 h6 16. Qb1 Qe7 17. Qa1 a6 18. Bd3 Nf8 19. Bxf6 Qxf6 20. Qxf6 gxf6 21. Nh4 Ne6 22. Nf5 Bf8 23. Nf3 Ng5 24. Nh2 Re6 25. Ng3 Rce8 26. Bf5 Rb6 27. Red1 a5 28. Ng4 a4 29. bxa4 Ra6 30. Nh5 Bg7 31. Rxc5 Ne6 32. Ngxf6+ Bxf6 33. Nxf6+ Kf8 34. Rb5 Bc6 35. Nxe8 Kxe8 36. Bc2 Bxb5 37. axb5 Rxa2 38. Bb3 Rb2 39. Bxd5 Ke7 40. Bxe6 Kxe6 41. Rc1 f6 42. Rc6+ Ke5 43. b6 Rb1+ 44. Kh2 Rb2 45. Kg3 Rb1 46. f4+ Kf5 47. Kf3 Rb3 48. g4+ Kg6 49. h4 h5 50. gxh5+ Kf5 51. h6 Kg6 52. f5+ Kxh6 53. Rxf6+ Kh5 54. Rc6 Kxh4 55. Kf4 Kh5 56. e4 Rb4 57. Rc7 Kh6 58. b7 Rb6 59. Re7 Rb5 60. f6 Rb1 61. e5 Rf1+ 62. Ke4 Re1+ 63. Kf5 Rb1 64. Re8 Kh7 65. b8=Q Rf1+ 66. Ke6 Rxf6+ 1-0


[Site "https://www.chess.com"]

[Event "Titled Tuesday Blitz October 5 2021"]
[White "Sychev, Klementy"]
[Black "Koellner, Ruben Gideon"]
[WhiteFideId "4114060"]
[BlackFideId "12993093"]
[WhiteElo "2615"]
[BlackElo "2561"]
[Result "1-0"]
[Round "09"]
[TimeControl "180+1"]
[Date "2021.10.05"]
[WhiteClock "0:01:15"]
[BlackClock "0:01:20"]

1. b3 d6 2. Bb2 e5 3. e3 g6 4. d4 Bg7 5. dxe5 dxe5 6. Qxd8+ Kxd8 7. Nf3 f6 8. Nc3 Be6 9. O-O-O Nd7 10. Na4 Bf8 11. Nxe5 Bd6 12. Nc4 Be7 13. Na5 Kc8 14. Be2 Nh6 15. Bf3 c6 16. Rd2 Bb4 17. Bc3 Bxc3 18. Nxc3 Kc7 19. Rhd1 Nf7 20. Nxb7 a5 21. a4 g5 22. Nd6 Nfe5 23. Be2 Rad8 24. f4 Ng4 25. f5 1-0


[Site "https://www.chess.com"]

[Event "Titled Tuesday Blitz October 5 2021"]
[White "Sydoryka, Vladyslav"]
[Black "Ivanisevic, Ivan"]
[WhiteFideId "14145928"]
[BlackFideId "912417"]
[WhiteElo "2282"]
[BlackElo "2499"]
[Result "1-0"]
[Round "09"]
[TimeControl "180+1"]
[Date "2021.10.05"]
[WhiteClock "0:00:04"]
[BlackClock "0:00:05"]

1. c4 e5 2. g3 c6 3. Nf3 e4 4. Nd4 Qb6 5. Nc2 d5 6. d3 exd3 7. Qxd3 dxc4 8. Qxc4 Be6 9. Qa4 Nf6 10. Bg2 Nbd7 11. O-O Be7 12. Nc3 O-O 13. b3 Rfe8 14. Bb2 Nc5 15. Qf4 Nxb3 16. axb3 Qxb3 17. Qc1 Rad8 18. Rxa7 Bc5 19. Ra5 b6 20. Ra1 Bf5 21. Ne1 Ng4 22. Nd3 Bxd3 23. exd3 Nxf2 24. Rxf2 Rxd3 25. Ne4 Bxf2+ 26. Nxf2 Rde3 27. Bxc6 Re1+ 28. Qxe1 Rxe1+ 29. Rxe1 f6 30. Re2 h5 31. Kg2 Kf7 32. Bf3 Kg6 33. h4 Kh6 34. Bc1+ Kg6 35. Nh3 Qc3 36. Bd2 Qc4 37. Nf4+ Kh7 38. Nxh5 b5 39. Nf4 b4 40. Re4 Qc2 41. Rd4 Qb2 42. Ne2 b3 43. Be4+ g6 44. h5 f5 45. hxg6+ Kxg6 46. Bf3 Qc2 47. Nc3 b2 48. Kf2 Kf6 49. Be2 Ke5 50. Rd5+ Ke6 51. Ke3 Qxc3+ 52. Bxc3 b1=Q 53. Re5+ Kd6 54. Kd2 Qa2+ 55. Kd3 Qa6+ 56. Kc2 Qa2+ 57. Bb2 Qa4+ 58. Kc1 Qc6+ 59. Kb1 Qg2 60. Kc2 Qxg3 61. Kd2 Qf4+ 62. Re3 Qg5 63. Kd3 Kd5 64. Bf3+ Kd6 65. Re5 Qf4 66. Re3 Qb4 67. Bd4 Qb3+ 68. Bc3 Qb5+ 69. Kd2 Qa4 70. Bd1 Qa2+ 71. Bc2 f4 72. Rf3 Qa4 73. Bxa4 Kd5 74. Rxf4 Kc5 75. Bc2 Kb6 76. Kd3 Kc6 77. Kc4 Kd6 78. Be4 1-0


[Site "https://www.chess.com"]

[Event "Titled Tuesday Blitz October 5 2021"]
[White "Tarasova, Viktoriya"]
[Black "Balabayeva, Xeniya"]
[WhiteFideId "4175840"]
[BlackFideId "13719688"]
[WhiteElo "2182"]
[BlackElo "1965"]
[Result "0-1"]
[Round "09"]
[TimeControl "180+1"]
[Date "2021.10.05"]
[WhiteClock "0:00:13"]
[BlackClock "0:00:11"]

1. d4 d5 2. c4 e6 3. Nc3 a6 4. cxd5 exd5 5. Bf4 Nf6 6. e3 Bd6 7. Bxd6 Qxd6 8. Qc2 Nc6 9. a3 Ne7 10. Bd3 g6 11. Nf3 Bf5 12. O-O O-O 13. Ne5 c6 14. f4 Rac8 15. b4 Nd7 16. Rae1 b6 17. Bxf5 Nxf5 18. Qd3 a5 19. Rb1 axb4 20. axb4 c5 21. Nb5 Qe6 22. bxc5 bxc5 23. Nxd7 Qxd7 24. dxc5 Rxc5 25. Nd4 Nxd4 26. Qxd4 Rfc8 27. Rfd1 Qe6 28. h3 Rc3 29. Re1 R3c4 30. Qd3 Re4 31. Rbd1 d4 32. Kf2 Re8 33. g3 dxe3+ 34. Kg2 Qc6 35. Re2 Rd4+ 36. Kh2 Rxd3 37. Rxd3 Qf3 0-1


[Site "https://www.chess.com"]

[Event "Titled Tuesday Blitz October 5 2021"]
[White "Tasev, Dejan"]
[Black "Yeritsyan, Hayk"]
[WhiteFideId "936618"]
[BlackFideId "13307320"]
[WhiteElo "2253"]
[BlackElo "2419"]
[Result "0-1"]
[Round "09"]
[TimeControl "180+1"]
[Date "2021.10.05"]
[WhiteClock "0:00:20"]
[BlackClock "0:01:22"]

1. e4 e5 2. Nf3 Nc6 3. Bc4 Bc5 4. d3 Nf6 5. h3 d6 6. Nc3 a6 7. Be3 Bxe3 8. fxe3 Na5 9. Bb3 Nxb3 10. axb3 h6 11. O-O Be6 12. Qe1 O-O 13. Nh4 d5 14. exd5 Nxd5 15. Nxd5 Qxd5 16. e4 Qc5+ 17. Qf2 Qxf2+ 18. Rxf2 f6 19. Nf3 Rfd8 20. Nd2 Kf7 21. Nf1 Ke7 22. Ne3 a5 23. Ra3 b5 24. Rf1 Rd6 25. Rfa1 Rda6 26. b4 a4 27. Rc3 Kd6 28. Raa3 Rc6 29. Rxc6+ Kxc6 30. Rc3+ Kd6 31. Kf2 c6 32. Ke2 g6 33. Ra3 Rg8 34. c4 f5 35. c5+ Ke7 36. Ra1 Rd8 37. Rd1 Bb3 38. Rd2 Ke6 39. h4 h5 40. g3 Rd4 41. exf5+ gxf5 42. Nf1 Rxb4 43. Nh2 Bd5 44. Nf1 Rg4 45. Kf2 f4 46. gxf4 Rxf4+ 47. Ke1 Rxh4 48. Ne3 Rh1+ 49. Nf1 b4 50. Kf2 a3 51. bxa3 bxa3 0-1


[Site "https://www.chess.com"]

[Event "Titled Tuesday Blitz October 5 2021"]
[White "Tologon tegin, Semetei"]
[Black "Czerw, Dawid"]
[WhiteFideId "13800574"]
[BlackFideId "1145746"]
[WhiteElo "2224"]
[BlackElo "2075"]
[Result "1-0"]
[Round "09"]
[TimeControl "180+1"]
[Date "2021.10.05"]
[WhiteClock "0:00:26"]
[BlackClock "0:00:01"]

1. d4 Nf6 2. c4 e6 3. Nc3 Bb4 4. e3 O-O 5. Ne2 c6 6. a3 Ba5 7. Ng3 d5 8. cxd5 exd5 9. Bd3 Re8 10. O-O Nbd7 11. Bd2 Bc7 12. Re1 Nf8 13. Nce2 h5 14. f3 h4 15. Nf1 Nh5 16. e4 dxe4 17. fxe4 Ne6 18. Be3 Nef4 19. Nxf4 Nxf4 20. Bc2 Qg5 21. Bxf4 Bxf4 22. Qd3 g6 23. h3 Be6 24. Rad1 Rad8 25. Kh1 Be5 26. Qc3 Bc7 27. Bb3 Bxb3 28. Qxb3 Bb6 29. Qc4 Qf4 30. Nh2 Rxe4 31. Rf1 Qc7 32. Ng4 Kg7 33. Ne5 Rxe5 34. dxe5 Rxd1 35. Rxd1 Qxe5 36. Qc3 Qxc3 37. bxc3 Bc5 38. a4 b6 39. c4 Kf6 40. Rd7 a5 41. Rc7 Ke6 42. Rxc6+ Ke5 43. Rc7 f5 44. Rg7 Kf6 45. Rh7 g5 46. Kh2 Ke5 47. Rg7 Be3 48. g3 hxg3+ 49. Kxg3 Kd4 50. Rf7 Kxc4 51. Rxf5 Kb4 52. Kf3 Bd2 53. Rb5+ Kxa4 54. Rxb6 Bb4 55. Rg6 Bd2 56. Ke2 Bf4 57. Kd3 Ka3 58. Kc2 a4 59. Ra6 Kb4 60. Kb2 Be5+ 61. Ka2 Bf4 62. Ra8 Bg3 63. Rf8 Bf4 64. h4 Be3 65. h5 g4 66. Rg8 Bd4 67. Rxg4 1-0


[Site "https://www.chess.com"]

[Event "Titled Tuesday Blitz October 5 2021"]
[White "Viani Antonio Dcunha"]
[Black "Arabidze, Meri"]
[WhiteFideId "5027330"]
[BlackFideId "13604040"]
[WhiteElo "2366"]
[BlackElo "2432"]
[Result "0-1"]
[Round "09"]
[TimeControl "180+1"]
[Date "2021.10.05"]
[WhiteClock "0:00:10"]
[BlackClock "0:00:22"]

1. e4 c5 2. Nf3 e6 3. d4 cxd4 4. Nxd4 Nc6 5. Nc3 a6 6. Be3 Nf6 7. f4 Bb4 8. Bd3 e5 9. fxe5 Nxe5 10. O-O Neg4 11. Bf4 Bc5 12. Ne2 d5 13. e5 Nh5 14. h3 Nxf4 15. Rxf4 Nxe5 16. Kh1 O-O 17. Ng3 Ng6 18. Bxg6 hxg6 19. Qd3 Qb6 20. Nb3 Be6 21. Nxc5 Qxc5 22. Ne2 Bf5 23. Qc3 Qxc3 24. Nxc3 Rfd8 25. Rd1 Bxc2 26. Rxd5 Rxd5 27. Nxd5 Rd8 28. Rc4 Bb1 29. Nc3 Bf5 30. Rc7 Rd7 31. Rxd7 Bxd7 32. Kh2 Bc6 33. Kg3 f6 34. Kf2 Kf7 35. g3 g5 36. Ke3 Ke6 37. Ne2 Bd5 38. a3 Ke5 39. b4 Bg2 40. h4 gxh4 41. gxh4 Be4 42. Ng3 Bg6 43. Ne2 Bf7 44. Nd4 g5 45. hxg5 fxg5 46. Nf3+ Kf5 47. Nd4+ Kg4 48. Ke4 Kh3 49. Ke5 g4 50. Kf6 Bd5 51. Ke5 Bc6 52. Kf4 g3 53. Ne2 g2 54. Ke3 Kg4 55. Kf2 Kf5 56. Nd4+ Ke4 57. Nxc6 bxc6 58. Kxg2 Kd4 59. Kf3 Kc4 60. Ke4 Kb3 61. Kd4 Kxa3 62. Kc5 Kb3 63. Kxc6 Kxb4 64. Kd5 a5 65. Kd4 a4 66. Kd3 Kb3 67. Kd2 Kb2 0-1


[Site "https://www.chess.com"]

[Event "Titled Tuesday Blitz October 5 2021"]
[White "Vokhidov, Shamsiddin"]
[Black "Wagner, Dennis"]
[WhiteFideId "14204223"]
[BlackFideId "24650684"]
[WhiteElo "2876"]
[BlackElo "2799"]
[Result "1-0"]
[Round "09"]
[TimeControl "180+1"]
[Date "2021.10.05"]
[WhiteClock "0:00:21"]
[BlackClock "0:00:02"]

1. e4 e5 2. Nf3 Nc6 3. Bb5 a6 4. Ba4 Nf6 5. O-O b5 6. Bb3 Bc5 7. c3 d6 8. d4 Bb6 9. Be3 Bg4 10. dxe5 Nxe5 11. Bxb6 Bxf3 12. gxf3 cxb6 13. f4 Ng6 14. f5 Nf4 15. Qf3 N6h5 16. Nd2 Qh4 17. Kh1 O-O 18. Rg1 Nh3 19. Rg2 N5f4 20. Rg3 Rfe8 21. Rf1 h5 22. Qe3 d5 23. e5 a5 24. Nf3 Qd8 25. a3 Qc7 26. Re1 Qc5 27. Nd4 Nd3 28. Rxh3 Rxe5 29. Qxe5 Nxe5 30. Rxe5 Rd8 31. f6 g6 32. Rhe3 b4 33. a4 bxc3 34. bxc3 Rd6 35. Rf3 Qa3 36. Kg2 Qc1 37. Bxd5 h4 38. h3 1-0


[Site "https://www.chess.com"]

[Event "Titled Tuesday Blitz October 5 2021"]
[White "Williams, Justus"]
[Black "Heinemann, Josefine"]
[WhiteFideId "2049929"]
[BlackFideId "12900460"]
[WhiteElo "2210"]
[BlackElo "2300"]
[Result "1-0"]
[Round "09"]
[TimeControl "180+1"]
[Date "2021.10.05"]
[WhiteClock "0:01:40"]
[BlackClock "0:00:03"]

1. b3 e5 2. Bb2 Nc6 3. c4 Nf6 4. g3 d5 5. cxd5 Nxd5 6. Bg2 Be6 7. Nc3 Be7 8. Nf3 O-O 9. O-O Qd7 10. Rc1 f6 11. Na4 b6 12. d4 exd4 13. Rxc6 Qxc6 14. Nxd4 Qd6 15. Nxe6 c6 16. Nxf8 Rxf8 17. e4 Nb4 18. Ba3 Qe5 19. Qe2 b5 20. Bb2 Qe6 21. Nc3 Rd8 22. h4 a5 23. Kh2 Nd3 24. Ba1 Bb4 25. Rd1 Qd7 26. Bf1 1-0


[Site "https://www.chess.com"]

[Event "Titled Tuesday Blitz October 5 2021"]
[White "Yaksin, Oleg"]
[Black "Rustemov, Alexander"]
[WhiteFideId "24105880"]
[BlackFideId "4119002"]
[WhiteElo "2256"]
[BlackElo "2797"]
[Result "0-1"]
[Round "09"]
[TimeControl "180+1"]
[Date "2021.10.05"]
[WhiteClock "0:00:51"]
[BlackClock "0:01:22"]

1. d4 g6 2. c4 Bg7 3. Nf3 c5 4. d5 f5 5. g3 Nf6 6. Bg2 d6 7. O-O O-O 8. Nc3 Na6 9. Bd2 Nc7 10. e4 Nxe4 11. Nxe4 fxe4 12. Ng5 Bxb2 13. Rb1 Bd4 14. Bxe4 Rf6 15. Nxh7 Kxh7 16. Qh5+ Kg8 17. Bxg6 Rxg6 18. Qxg6+ Bg7 19. Bh6 Qf8 20. Rbe1 Ne8 21. Bxg7 Nxg7 22. Re4 Bf5 0-1


[Site "https://www.chess.com"]

[Event "Titled Tuesday Blitz October 5 2021"]
[White "Yakubboev, Nodirbek"]
[Black "Gabrielian, Artur"]
[WhiteFideId "14203987"]
[BlackFideId "4131002"]
[WhiteElo "2963"]
[BlackElo "2766"]
[Result "1-0"]
[Round "09"]
[TimeControl "180+1"]
[Date "2021.10.05"]
[WhiteClock "0:00:07"]
[BlackClock "0:00:13"]

1. d4 Nf6 2. c4 c5 3. d5 e6 4. Nc3 exd5 5. cxd5 d6 6. Nf3 g6 7. Nd2 Nbd7 8. e4 Bg7 9. Be2 O-O 10. O-O Re8 11. a4 a6 12. Re1 Rb8 13. Ra3 Qc7 14. h3 h6 15. Bf1 g5 16. a5 Ne5 17. Nf3 Nxf3+ 18. Qxf3 Nd7 19. Bd2 Ne5 20. Qg3 f5 21. exf5 Bxf5 22. Na4 Qf7 23. Rae3 Re7 24. Nb6 Rbe8 25. Bc3 Kh7 26. Kh1 Bg6 27. b4 cxb4 28. Bxb4 Qf6 29. Be2 h5 30. Kg1 h4 31. Qh2 Rf8 32. g4 Rfe8 33. Qg2 Nf7 34. Bf1 Rxe3 35. Rxe3 Rxe3 36. fxe3 Ne5 37. Qf2 Nf3+ 38. Kh1 Be4 39. Bg2 Qa1+ 40. Qf1 Qf6 41. Nc4 Bxd5 42. Nxd6 Bc6 43. Nf5 Ne5 44. Bc3 Bh8 45. Qb1 Kg8 46. Nd4 Bxg2+ 47. Kxg2 Qf7 48. Qe4 Qa2+ 49. Kg1 Qc4 50. Be1 Qf7 51. Qf5 Bf6 52. Kf1 Qc4+ 53. Kg2 Qd5+ 54. Kg1 Qc4 55. Bf2 Qd5 56. Kf1 Kg7 57. Ke2 Kf7 58. Qh7+ Ke8 59. Qc2 Qc4+ 60. Qxc4 Nxc4 61. Be1 Bd8 62. Nb3 Bf6 63. Kd3 Ne5+ 64. Ke4 Nd7 65. Kf5 Kf7 66. e4 Bd8 67. Bd2 Nf8 68. Bxg5 Bxg5 69. Kxg5 Ne6+ 70. Kxh4 Kf6 71. Kg3 Ke5 72. h4 Kxe4 73. h5 Ke5 74. Nd2 Ng5 75. Nf3+ Nxf3 76. Kxf3 Kf6 77. Kf4 1-0


[Site "https://www.chess.com"]

[Event "Titled Tuesday Blitz October 5 2021"]
[White "Yoo, Christopher Woojin"]
[Black "Sarana, Alexey"]
[WhiteFideId "30909694"]
[BlackFideId "24133795"]
[WhiteElo "2960"]
[BlackElo "2988"]
[Result "1-0"]
[Round "09"]
[TimeControl "180+1"]
[Date "2021.10.05"]
[WhiteClock "0:01:38"]
[BlackClock "0:01:49"]

1. e4 c5 2. Nf3 d6 3. d4 cxd4 4. Nxd4 Nf6 5. Nc3 a6 6. h4 e5 7. Nf5 d5 8. Qf3 g6 9. Nh6 Be6 10. Bg5 Bxh6 11. Bxf6 Qb6 12. Bxh8 Qxb2 13. Rb1 Qxc2 14. Qd3 Qxd3 15. Bxd3 d4 16. Nd5 Bxd5 17. exd5 Nd7 18. h5 Bg5 19. hxg6 hxg6 20. Bxe5 Nc5 1-0


[Site "https://www.chess.com"]

[Event "Titled Tuesday Blitz October 5 2021"]
[White "Zhigalko, Sergei"]
[Black "Madaminov, Mukhiddin"]
[WhiteFideId "13502956"]
[BlackFideId "14210703"]
[WhiteElo "2899"]
[BlackElo "2683"]
[Result "0-1"]
[Round "09"]
[TimeControl "180+1"]
[Date "2021.10.05"]
[WhiteClock "0:00:04"]
[BlackClock "0:00:20"]

1. e4 e5 2. Nf3 Nc6 3. Bb5 a6 4. Ba4 Nf6 5. O-O Nxe4 6. d4 b5 7. Bb3 d5 8. dxe5 Be6 9. Nbd2 Be7 10. c3 O-O 11. Bc2 f5 12. Nb3 Qd7 13. Nbd4 Nxd4 14. Nxd4 c5 15. Nxe6 Qxe6 16. f3 Ng5 17. a4 g6 18. Kh1 Rfd8 19. Bxg5 Bxg5 20. f4 Be7 21. Qf3 Rac8 22. axb5 axb5 23. Ra5 Qc6 24. Rfa1 Ra8 25. Ra7 Kf8 26. Qh3 Rxa7 27. Rxa7 Ra8 28. Rxa8+ Qxa8 29. Qd3 Qa1+ 30. Bd1 Qxb2 31. Qxd5 Qf2 0-1


[Site "https://www.chess.com"]

[Event "Titled Tuesday Blitz October 5 2021"]
[White "adjorno"]
[Black "Novik, Maxim"]
[BlackFideId "4102924"]
[WhiteElo "2425"]
[BlackElo "2316"]
[Result "0-1"]
[Round "09"]
[TimeControl "180+1"]
[Date "2021.10.05"]
[WhiteClock "0:00:17"]
[BlackClock "0:00:57"]

1. e4 c6 2. d4 d5 3. e5 Bf5 4. h4 Qb6 5. g4 Bd7 6. h5 c5 7. dxc5 Qxc5 8. Be3 Qb4+ 9. Nd2 Bxg4 10. Be2 Bxe2 11. Nxe2 e6 12. c4 dxc4 13. a3 Qa5 14. Kf1 Qxe5 15. Nxc4 Qe4 16. Qa4+ Qc6 17. Qxc6+ Nxc6 18. b4 a6 19. Bb6 Nf6 20. Rd1 Nd5 21. Bc5 Bxc5 22. bxc5 O-O 23. h6 g6 24. Rh3 Rac8 25. Rb3 Rc7 26. Nd6 Na5 27. Rb2 Rxc5 28. Nxb7 Nxb7 29. Rxb7 Ra5 30. Rd3 Ra4 31. Nc3 Rxa3 32. Nxd5 Rxd3 33. Nf6+ Kh8 34. Kg2 Rd4 35. Kg3 g5 36. Ra7 Rh4 37. Ng4 f5 38. Ne5 Rxh6 39. Nf7+ Rxf7 40. Rxf7 Rg6 41. Kf3 h5 42. Kg3 h4+ 43. Kh3 Rg7 44. Rf8+ Kh7 45. Re8 Ra7 46. Rxe6 a5 47. f4 gxf4 48. Kxh4 a4 49. Kh3 a3 50. Re1 a2 51. Ra1 Kg6 52. Kg2 Ra3 53. Kf2 f3 54. Rg1+ Kf6 55. Ra1 Ke5 56. Re1+ Kf4 57. Ra1 Re3 58. Kf1 Re2 59. Rc1 Rb2 60. Kg1 Kg3 61. Kh1 Rb1 62. Rg1+ Rxg1+ 63. Kxg1 a1=Q# 0-1


[Site "https://www.chess.com"]

[Event "Titled Tuesday Blitz October 5 2021"]
[White "Abdusattorov, Nodirbek"]
[Black "Kezin, Roman"]
[WhiteFideId "14204118"]
[BlackFideId "24124621"]
[WhiteElo "2690"]
[BlackElo "2557"]
[Result "0-1"]
[Round "10"]
[TimeControl "180+1"]
[Date "2021.10.05"]
[WhiteClock "0:00:03"]
[BlackClock "0:00:02"]

1. c4 e6 2. Nc3 d5 3. d4 c6 4. e4 dxe4 5. Nxe4 Bb4+ 6. Bd2 Qxd4 7. Bxb4 Qxe4+ 8. Be2 Na6 9. Bd6 e5 10. Nf3 Bg4 11. Qb3 O-O-O 12. c5 Nh6 13. Kf1 Nf5 14. Bxa6 Nxd6 15. Bd3 Qf4 16. cxd6 e4 17. Qb4 Rhe8 18. Be2 Rxd6 19. h3 Bh5 20. g4 Bg6 21. Nh4 Rf6 22. Qe1 e3 23. f3 Be4 24. Ng2 Qc7 25. Nh4 g5 26. Kg1 gxh4 27. Qxh4 Rxf3 28. Bxf3 Bxf3 29. Rh2 e2 30. Re1 Qf4 31. Rf2 Rd8 32. Rh2 Rd1 33. Qf2 Qd2 0-1


[Site "https://www.chess.com"]

[Event "Titled Tuesday Blitz October 5 2021"]
[White "Aldokhin, Ivan"]
[Black "Sagripanti, Michele"]
[WhiteFideId "24115720"]
[BlackFideId "847895"]
[WhiteElo "2231"]
[BlackElo "2195"]
[Result "0-1"]
[Round "10"]
[TimeControl "180+1"]
[Date "2021.10.05"]
[WhiteClock "0:00:03"]
[BlackClock "0:00:09"]

1. e4 g6 2. d4 Bg7 3. Nc3 c5 4. Nf3 cxd4 5. Nxd4 Nc6 6. Be3 Qb6 7. Ndb5 Qa5 8. Bd2 Kf8 9. Nd5 Qd8 10. Bc4 Nf6 11. O-O a6 12. Nbc3 b5 13. Bb3 e6 14. Nxf6 Bxf6 15. Bh6+ Bg7 16. Qd2 Bb7 17. Rad1 Rc8 18. Bxg7+ Kxg7 19. f4 Re8 20. f5 Ne5 21. Qf4 Qf6 22. Qg3 exf5 23. exf5 g5 24. Bd5 Qb6+ 25. Kh1 f6 26. Ne4 Bxd5 27. Rxd5 Nf7 28. Nc3 Qc7 29. Qxc7 Rxc7 30. h3 b4 31. Na4 d6 32. Rf2 Rec8 33. Rdd2 Rc6 34. b3 a5 35. Nb2 Ne5 36. Kh2 h5 37. Na4 h4 38. Kg1 Kf7 39. Kf1 Ke7 40. Ke1 g4 41. hxg4 Nxg4 42. Rfe2+ Ne5 43. Kd1 Rg8 44. Nb2 Rg5 45. Nc4 Rxf5 46. Ne3 Rg5 47. Nd5+ Ke6 48. Nf4+ Ke7 49. Nd5+ Kf7 50. Rf2 f5 51. Ne3 Ke6 52. Rd4 Ng4 53. Nxg4 Rxg4 54. Rd3 Rc5 55. Rdf3 Rd5+ 56. Ke2 Re5+ 57. Kf1 Rge4 58. Rd2 Re1+ 59. Kf2 Ra1 60. Rfd3 d5 61. Rd4 Rxa2 62. Rxh4 a4 63. Rh6+ Ke7 64. bxa4 Rxa4 65. Rh7+ Kf6 66. Rh6+ Kg5 67. Rd6 Ra5 68. Kf3 Rc5 69. Rd8 Rc3+ 70. Kf2 Rc4 71. Rg8+ Kf6 72. Rf8+ Ke6 73. Re8+ Kf6 74. Rf8+ Kg7 75. Rb8 Rf4+ 76. Kg3 Rc4 77. Kf3 Kf6 78. Rb6+ Kg5 79. Rb8 Rc3+ 80. Kf2 Re4 81. Rg8+ Kf4 82. Re8 Rec4 83. g3+ Kg5 84. Rxd5 Rxc2+ 85. Kg1 Rc1+ 86. Kh2 R4c2+ 87. Kh3 Rh1# 0-1


[Site "https://www.chess.com"]

[Event "Titled Tuesday Blitz October 5 2021"]
[White "Alvarez Calzadilla, Jose Avelino"]
[Black "Garcia Garcia, Alejandro"]
[WhiteFideId "3526151"]
[BlackFideId "3516334"]
[WhiteElo "2515"]
[BlackElo "2131"]
[Result "1-0"]
[Round "10"]
[TimeControl "180+1"]
[Date "2021.10.05"]
[WhiteClock "0:00:44"]
[BlackClock "0:00:12"]

1. d4 Nf6 2. Nf3 g6 3. g3 Bg7 4. Bg2 O-O 5. O-O d6 6. b3 Nbd7 7. Bb2 e5 8. dxe5 Ng4 9. c4 Ndxe5 10. Nc3 Re8 11. Qd2 h5 12. Rac1 Nxf3+ 13. exf3 Nf6 14. f4 h4 15. Nd5 h3 16. Bf3 Nxd5 17. Bxg7 Kxg7 18. cxd5 Kg8 19. Qc3 Re7 20. Qf6 Bf5 21. Qd4 Qe8 22. g4 Be4 23. Rc3 a5 24. Qf6 Bxf3 25. Rxf3 Qd7 26. f5 Re4 27. Rxh3 1-0


[Site "https://www.chess.com"]

[Event "Titled Tuesday Blitz October 5 2021"]
[White "Ansh M Shah"]
[Black "Melian, Juan Sebastian"]
[WhiteFideId "25033379"]
[BlackFideId "3706575"]
[WhiteElo "1819"]
[BlackElo "1672"]
[Result "0-1"]
[Round "10"]
[TimeControl "180+1"]
[Date "2021.10.05"]
[WhiteClock "0:00:05"]
[BlackClock "0:00:11"]

1. d4 Nf6 2. c4 e6 3. Nc3 Bb4 4. Bd2 b6 5. Nf3 Bb7 6. e3 O-O 7. Bd3 Bxc3 8. Bxc3 Ne4 9. Qc2 f5 10. O-O d6 11. Nd2 Qh4 12. f3 Ng5 13. e4 fxe4 14. Nxe4 Nxe4 15. Bxe4 Bxe4 16. Qxe4 Qxe4 17. fxe4 Nd7 18. e5 Rae8 19. exd6 cxd6 20. Bb4 Rxf1+ 21. Rxf1 d5 22. b3 Nf6 23. Rc1 Rc8 24. a4 Ne4 25. a5 g5 26. h3 h5 27. Kf1 Kg7 28. Ke2 Kg6 29. g4 Rc7 30. Ke3 h4 31. Rc2 Kf7 32. Kd3 bxa5 33. Bxa5 Rb7 34. b4 Nd6 35. cxd5 exd5 36. Rc6 Ke7 37. Rc5 Ke6 38. Rc6 Kd7 39. Rc5 Rb5 0-1


[Site "https://www.chess.com"]

[Event "Titled Tuesday Blitz October 5 2021"]
[White "Arabidze, Meri"]
[Black "Pridorozhni, Aleksei"]
[WhiteFideId "13604040"]
[BlackFideId "4127870"]
[WhiteElo "2432"]
[BlackElo "2565"]
[Result "1/2-1/2"]
[Round "10"]
[TimeControl "180+1"]
[Date "2021.10.05"]
[WhiteClock "0:00:06"]
[BlackClock "0:00:41"]

1. d4 d6 2. Nf3 Bg4 3. c4 Nd7 4. Nc3 c6 5. e3 Ngf6 6. Be2 e5 7. h3 Bh5 8. O-O Be7 9. b3 O-O 10. Bb2 e4 11. Nd2 Bxe2 12. Qxe2 d5 13. f3 exf3 14. Qxf3 Bb4 15. e4 Bxc3 16. Bxc3 dxe4 17. Nxe4 Nxe4 18. Qxe4 Qg5 19. Rf5 Qg6 20. Raf1 Rae8 21. Qf3 f6 22. d5 Rf7 23. dxc6 bxc6 24. Qxc6 h6 25. R5f2 Rfe7 26. Qd5+ Kh8 27. c5 Ne5 28. Bxe5 Rxe5 29. Qd4 Re4 30. Qb2 f5 31. b4 f4 32. Qc2 Qg5 33. c6 Qe5 34. Rc1 Rc8 35. c7 Re1+ 36. Rxe1 Qxe1+ 37. Rf1 Qe5 38. Rc1 f3 39. Qd2 Qe7 40. gxf3 Rxc7 41. Rxc7 Qxc7 42. Kg2 Qc4 43. a3 Qb3 44. Qd8+ Kh7 45. Qa5 Qe3 46. Qf5+ Kh8 47. Qc8+ Kh7 48. Qc2+ Kh8 49. a4 Qg5+ 50. Kf1 Qf4 51. Qc8+ Kh7 52. Qc2+ Kh8 53. Qc8+ Kh7 54. Qg4 Qc1+ 55. Kg2 Qc2+ 56. Kg3 Qxa4 57. Qf5+ Kg8 58. Qe6+ Kf8 59. Qd6+ Kf7 60. Qc7+ Kf8 61. Qd8+ Qe8 62. Qd6+ Qe7 63. Qb8+ Kf7 64. b5 g5 65. Kf2 Ke6 66. Kg3 Qd6+ 67. Qxd6+ Kxd6 68. Kg4 Kc5 69. h4 Kxb5 70. hxg5 hxg5 71. Kxg5 a5 72. f4 a4 73. f5 a3 74. f6 a2 75. f7 a1=Q 76. f8=Q Qh1 77. Kf6 Qf1+ 78. Kg7 Qxf8+ 79. Kxf8 1/2-1/2


[Site "https://www.chess.com"]

[Event "Titled Tuesday Blitz October 5 2021"]
[White "Aradhya, Garg"]
[Black "Kamsky, Gata"]
[WhiteFideId "25006746"]
[BlackFideId "2000024"]
[WhiteElo "2146"]
[BlackElo "2603"]
[Result "1-0"]
[Round "10"]
[TimeControl "180+1"]
[Date "2021.10.05"]
[WhiteClock "0:00:19"]
[BlackClock "0:00:09"]

1. d4 Nf6 2. c4 e6 3. Bf4 b6 4. Nf3 Bb7 5. e3 d6 6. Nc3 Nbd7 7. Be2 g6 8. O-O Bg7 9. Nd2 O-O 10. Bf3 Qc8 11. h4 Re8 12. Bg3 a6 13. Rc1 Bxf3 14. Qxf3 Nh5 15. Bh2 Qd8 16. g4 Nhf6 17. h5 gxh5 18. gxh5 Bh6 19. Kh1 Kh8 20. Rg1 Qe7 21. d5 Rg8 22. Nde4 Nxe4 23. Nxe4 f5 24. Nc3 Ne5 25. Qh3 Nxc4 26. Ne2 exd5 27. Qxf5 Rxg1+ 28. Rxg1 c6 29. Nd4 Rf8 30. Nxc6 Qe8 31. Qxd5 b5 32. Qd4+ Ne5 33. Nxe5 Bg7 34. Rxg7 Kxg7 35. Nd7+ Kh6 36. Nxf8 Qxf8 37. Qf4+ Qxf4 38. Bxf4+ Kxh5 39. Bxd6 Kg4 40. Kg2 1-0


[Site "https://www.chess.com"]